 Dungeon Crawl Stone Soup version 0.14-a0-1499-g388a102 (webtiles) character file.

997 Aargh the Vexing (level 7, -2/41 HPs)
             Began as a Gargoyle Arcane Marksman on Dec 15, 2013.
             Slain by a gnoll
             ... wielding a +0,+0 whip
              (6 damage)
             ... on Level 4 of the Dungeon.
             The game lasted 00:45:57 (4718 turns).

Aargh the Vexing (Gargoyle Arcane Marksman)         Turns: 4718, Time: 00:45:57

HP  -2/41        AC  7     Str 14      XL: 7   Next: 78%
MP  13/13        EV 12     Int 15      God:
Gold 246         SH  0     Dex 13      Spells:  3 memorised,  5 levels left

rFire  . . .     SeeInvis .     b - +1,+2 crossbow
rCold  . . .     Clarity  .     a - +0 robe
rNeg   + . .     Conserve .     (no shield)
rPois  +         rCorr    .     (no helmet)
rElec  +         rRot     +     (no cloak)
SustAb . .       Spirit   .     (no gloves)
rMut   .         Warding  .     h - +0 pair of orc boots
Saprov . . .     Stasis   .     (no amulet)
                                (no ring)
                                o - +3 ring of dexterity

@: slightly resistant to hostile enchantments, stealthy
A: life protection 1, electricity resistance, unbreathing, petrification
resistance, AC +4
a: no special abilities


You were on level 4 of the Dungeon.
You were not hungry.

You visited 1 branch of the dungeon, and saw 4 of its levels.
You also visited: Ossuary.

You collected 246 gold pieces.

Inventory:

Hand weapons
 b - a +1,+2 crossbow (weapon)
 k - a +0,+0 short sword
 n - a +0,+0 dagger
 q - a +1,+2 dwarven mace of crushing
 u - a +0,+0 spear
 v - a +0,+0 hand axe
 y - a +3,+1 elven short sword
 B - a cursed +0,+0 quarterstaff
 C - a +0,+1 orcish dagger
 E - a +0,+0 sling
 K - a +0,+0 dwarven dagger
 T - a +0,+0 dwarven dagger
 W - a +4,+2 elven dagger
Missiles
 p - 58 darts (quivered)
 r - 27 poisoned needles
 s - 42 sling bullets
 x - 2 silver darts
 A - 3 darts of frost
 H - 4 darts of flame
 M - 21 arrows
 O - an exploding dart
Armour
 a - a +0 robe (worn)
 h - a +0 pair of orcish boots (worn)
Magical devices
 I - a wand of confusion (8) {unknown}
Comestibles
 f - 4 bread rations
 i - 3 meat rations
 t - 2 chokos
 U - 4 chunks of gnoll flesh {@w1}
 Z - a chunk of giant gecko flesh {@w1}
Scrolls
 l - a scroll of remove curse
 J - 4 scrolls of teleportation
 L - a scroll of enchant armour {unknown}
 X - a scroll of curse weapon {unknown}
Jewellery
 o - a +3 ring of dexterity (left hand)
 Y - a +3 ring of strength {unknown}
Potions
 e - a potion of might {unknown}
 m - a potion of lignification {unknown}
 w - 3 potions of heal wounds {unknown}
 z - 2 potions of speed {unknown}
 D - 3 potions of agility {unknown}
 F - a potion of degeneration {unknown}
 G - 2 potions of invisibility
 N - a potion of resistance {unknown}
 P - a potion of poison {unknown}
 Q - a potion of confusion {unknown}
 R - a potion of brilliance {unknown}
 S - a potion of restore abilities {unknown}
 V - a potion of beneficial mutation {unknown}
Books
 d - a book of Debilitation

   Spells                             Type                      Level
   *Corona                            Hexes                        1
   *Slow                              Hexes                        2
   *Inner Flame                       Hexes/Fire                   3
   Enslavement                        Hexes                        4
   Cause Fear                         Hexes                        4
   Leda's Liquefaction                Hexes/Earth                  4


   Skills:
 * Level 3.2 Fighting
 + Level 2.2 Maces & Flails
 + Level 3.6 Crossbows
 + Level 2.5 Dodging
 * Level 3.5 Stealth
 * Level 2.7 Spellcasting
 * Level 3.8 Hexes
 * Level 1.8 Fire Magic
 * Level 1.9 Evocations


You had 5 spell levels left.
You knew the following spells:

 Your Spells              Type           Power        Failure   Level  Hunger
a - Corona                Hex            ##.....      4%          1    #......
b - Slow                  Hex            ##......     8%          2    ##.....
c - Inner Flame           Hex/Fire       ##......     21%         3    ###....


Dungeon Overview and Level Annotations

Branches:
Dungeon (4/16)             Temple (0/1) D:4

Altars:
Kikubaaqudgha


Innate Abilities, Weirdness & Mutations

You are resistant to torment.
You are immune to poison.
Your stone body is very resilient (AC +4).
You resist negative energy.
You are resistant to electric shocks.
You can survive without breathing.
You are immune to petrification.


Message History

The gnoll hits you with a whip.
* * * LOW HITPOINT WARNING * * *
Throwing (i - inventory. (,) - cycle):
p - 65 darts (quivered)
Aim: a gnoll, wielding a whip (severely wounded, moving very quickly)
You throw a dart. The dart hits the gnoll.
The gnoll is almost dead.
The gnoll barely misses you.
Throwing (i - inventory. (,) - cycle):
p - 64 darts (quivered)
Aim: a gnoll, wielding a whip (almost dead, moving very quickly)
You throw a dart. The dart misses the gnoll.
The gnoll completely misses you. The gnoll hits you but does no damage.
Unknown command.
Welcome back, Aargh the Gargoyle Arcane Marksman.
Throwing (i - inventory. (,) - cycle):
p - 63 darts (quivered)
Aim: a gnoll, wielding a whip (almost dead, moving very quickly)
You throw a dart. The dart hits the gnoll.
The gnoll is almost dead.
The gnoll misses you.
Throwing (i - inventory. (,) - cycle):
p - 62 darts (quivered)
Aim: a gnoll, wielding a whip (almost dead, moving very quickly)
You throw a dart. The dart hits the gnoll.
The gnoll is almost dead.
The gnoll hits you with a whip.
* * * LOW HITPOINT WARNING * * *
Throwing (i - inventory. (,) - cycle):
p - 61 darts (quivered)
Aim: a gnoll, wielding a whip (almost dead, moving very quickly)
You throw a dart. The dart hits the gnoll.
The gnoll is almost dead.
The gnoll closely misses you. The gnoll hits you with a whip.
* * * LOW HITPOINT WARNING * * *
Throwing (i - inventory. (,) - cycle):
p - 60 darts (quivered)
Aim: a gnoll, wielding a whip (almost dead, moving very quickly)
You throw a dart. The dart hits the gnoll.
The gnoll is almost dead.
The gnoll barely misses you.
Throwing (i - inventory. (,) - cycle):
p - 59 darts (quivered)
Aim: a gnoll, wielding a whip (almost dead, moving very quickly)
You throw a dart. The dart misses the gnoll.
The gnoll hits you but does no damage. The gnoll hits you with a whip.
You die...

#.###.#######....###.........##..
.........#######.................
#####.####.#.####......%.)...##..
#.........(.)(.....####.####..
#............(.§§..## #.# #..
#..........(....§....##.####..
##.######.#.((.....#.##.......
#.# #.#..%g....#.##.......
#####.######.#..@..#..#.##.....#.
...............................#.
........####.#.....#..#.##.....#<
........# #.#.#####..#.##.....#.
........####.#.#####..#....###...
..........)................###...
........#####.....##..#....##....
........# #.....##..#...#.#.#.#
........# #.....##..#..........


You could see a gnoll.

Vanquished Creatures
  Grinder (D:4)
  Menkaure (Ossuary)
  A giant frog zombie (D:3)
  2 hounds (D:4)
  A gnoll shaman (D:4)
  2 worker ants
  A hound skeleton (D:4)
  3 mummies (Ossuary)
  3 gnolls (D:4)
  A worker ant zombie (D:4)
  4 adders
  2 giant mites
  3 giant geckos
  An ooze (D:3)
  An orc (D:3)
  4 giant cockroaches
  10 hobgoblins
  8 jackals
  3 quokkas
  7 bats
  3 giant newts
  6 gnoll skeletons (Ossuary)
  3 gnoll zombies (Ossuary)
  10 goblins
  5 goblin zombies (Ossuary)
  A hobgoblin skeleton (Ossuary)
  2 hobgoblin zombies (Ossuary)
  13 kobolds
  3 kobold skeletons
  3 kobold zombies (Ossuary)
  2 orc skeletons
  An orc zombie (Ossuary)
  A quokka zombie (D:4)
  8 rats
  2 rat skeletons (Ossuary)
  5 rat zombies
127 creatures vanquished.

Vanquished Creatures (others)
  A human (D:4)
  A gnoll skeleton (Ossuary)
  2 goblin skeletons (Ossuary)
  A goblin zombie (Ossuary)
  A hobgoblin skeleton (Ossuary)
  3 kobold skeletons (Ossuary)
  2 kobold zombies (Ossuary)
  2 orc skeletons (Ossuary)
  3 orc zombies (Ossuary)
  4 rat skeletons (Ossuary)
  A rat zombie (Ossuary)
  A butterfly (D:1)
22 creatures vanquished.

Grand Total: 149 creatures vanquished

Notes
Turn   | Place    | Note
--------------------------------------------------------------
     0 | D:1      | Aargh, the Gargoyle Arcane Marksman, began the quest for the Orb.
     0 | D:1      | Reached XP level 1. HP: 12/12 MP: 2/2
    56 | D:1      | Reached skill level 1 in Stealth
   160 | D:1      | Reached XP level 2. HP: 16/16 MP: 3/3
   236 | D:1      | Learned a level 2 spell: Slow
   379 | D:1      | Reached skill level 3 in Hexes
   752 | D:2      | Reached XP level 3. HP: 20/20 MP: 4/4
  1189 | D:2      | Reached skill level 2 in Stealth
  1360 | D:2      | Reached XP level 4. HP: 26/26 MP: 6/6
  1370 | D:2      | Learned a level 3 spell: Inner Flame
  1930 | D:3      | Reached skill level 2 in Fighting
  1957 | D:3      | Reached XP level 5. HP: 29/31 MP: 7/7
  2137 | D:3      | Reached skill level 2 in Spellcasting
  2428 | D:4      | Found a sand-covered staircase.
  2451 | Ossuary  | Entered an ossuary
  3339 | Ossuary  | Reached skill level 1 in Evocations
  3651 | Ossuary  | Noticed Menkaure
  3657 | Ossuary  | HP: 1/31 [Menkaure (8)]
  3658 | Ossuary  | Killed Menkaure
  3658 | Ossuary  | Reached skill level 1 in Maces & Flails
  3658 | Ossuary  | Reached skill level 2 in Dodging
  3658 | Ossuary  | Reached skill level 3 in Stealth
  3658 | Ossuary  | Reached XP level 6. HP: 1/36 MP: 11/11
  4060 | Ossuary  | Reached skill level 1 in Fire Magic
  4238 | D:4      | Reached skill level 3 in Crossbows
  4272 | D:4      | Reached XP level 7. HP: 40/40 MP: 12/12
  4279 | D:4      | Reached skill level 2 in Maces & Flails
  4294 | D:4      | Noticed Grinder
  4302 | D:4      | Paralysed by Grinder for 2 turns
  4323 | D:4      | Killed Grinder
  4323 | D:4      | Reached skill level 3 in Fighting
  4625 | D:4      | Found a staircase to the Ecumenical Temple.
  4631 | D:4      | Found an ancient bone altar of Kikubaaqudgha.
  4634 | D:4      | Noticed a human
  4636 | D:4      | Killed a human
  4716 | D:4      | HP: 4/41 [gnoll/whip (2)]
  4718 | D:4      | Slain by a gnoll

Action                   |  1- 3 |  4- 6 |  7- 9 || total
-------------------------+-------+-------+-------++-------
Melee: Mace              |    25 |    86 |     9 ||   120
 Fire: Crossbow          |    43 |    89 |    38 ||   170
Throw: Dart              |       |       |    22 ||    22
  Use: Scroll            |    13 |     7 |       ||    20
       Potion            |       |       |     1 ||     1
 Stab: Sleeping          |     1 |     1 |       ||     2

Table legend:
 A = Turns spent in this place as a percentage of turns spent in the entire game.
 B = Non-inter-level travel turns spent in this place as a percentage of non-inter-level travel turns spent in the entire game.
 C = Inter-level travel turns spent in this place as a percentage of turns spent in this place.
 D = Turns resting spent in this place as a percentage of non-inter-level travel turns spent in this place.
 E = Turns spent auto-exploring this place as a percentage of non-inter-level travel turns spent in this place.
 F = Non-inter-level travel turns spent in this place divided by the number of levels of this place that you've seen.
                   A       B       C       D       E      F
               +-------+-------+-------+-------+-------+----------------------
         Total | 100.0 | 100.0 |   0.0 |   2.6 |   0.5 | 529.8
       Dungeon |  83.5 |  83.5 |   0.0 |   0.6 |   0.5 | 553.2
       Ossuary |  16.5 |  16.5 |   0.0 |  12.8 |   0.0 | 436.0
               +-------+-------+-------+-------+-------+----------------------

Table legend:
 A = Kills in this place as a percentage of kills in entire the game.
 B = Kills by you in this place as a percentage of kills by you in the entire game.
 C = Kills by friends in this place as a percentage of kills by friends in the entire game.
 D = Other kills in this place as a percentage of other kills in the entire game.
 E = Experience gained in this place as a percentage of experience gained in the entire game.
 F = Experience gained in this place divided by the number of levels of this place that you have seen.
                   A       B       C       D       E      F
               +-------+-------+-------+-------+-------+----------------------
         Total | 100.0 | 100.0 |  -nan |  -nan | 100.0 | 214.6
       Dungeon |  73.8 |  73.8 |  -nan |  -nan |  77.4 | 207.8
       Ossuary |  26.2 |  26.2 |  -nan |  -nan |  22.6 | 242.0
               +-------+-------+-------+-------+-------+----------------------

Vault maps used:
D:1:      lightli_iron_boxes
D:2:      first_bread
D:4:      minmay_temple_entry_purple_smoke, enter_ossuary_4, st_stairs_4,
          tgw_kikubaaqudgha, uniq_grinder
Ossuary:  ossuary_due_pyramid

Action                   |  1- 3 |  4- 6 |  7- 9 || total
-------------------------+-------+-------+-------++-------
Melee: Mace              |    25 |    86 |     9 ||   120
 Fire: Crossbow          |    43 |    89 |    38 ||   170
Throw: Dart              |       |       |    22 ||    22
  Use: Scroll            |    13 |     7 |       ||    20
       Potion            |       |       |     1 ||     1
 Stab: Sleeping          |     1 |     1 |       ||     2
Dungeon Crawl Stone Soup version 0.14-a0-1499-g388a102 (webtiles) character file. 997 Aargh the Vexing (level 7, -2/41 HPs) Began as a Gargoyle Arcane Marksman on Dec 15, 2013. Slain by a gnoll ... wielding a +0,+0 whip (6 damage) ... on Level 4 of the Dungeon. The game lasted 00:45:57 (4718 turns). Aargh the Vexing (Gargoyle Arcane Marksman) Turns: 4718, Time: 00:45:57 HP -2/41 AC 7 Str 14 XL: 7 Next: 78% MP 13/13 EV 12 Int 15 God: Gold 246 SH 0 Dex 13 Spells: 3 memorised, 5 levels left rFire . . . SeeInvis . b - +1,+2 crossbow rCold . . . Clarity . a - +0 robe rNeg + . . Conserve . (no shield) rPois + rCorr . (no helmet) rElec + rRot + (no cloak) SustAb . . Spirit . (no gloves) rMut . Warding . h - +0 pair of orc boots Saprov . . . Stasis . (no amulet) (no ring) o - +3 ring of dexterity @: slightly resistant to hostile enchantments, stealthy A: life protection 1, electricity resistance, unbreathing, petrification resistance, AC +4 a: no special abilities You were on level 4 of the Dungeon. You were not hungry. You visited 1 branch of the dungeon, and saw 4 of its levels. You also visited: Ossuary. You collected 246 gold pieces. Dungeon Overview and Level Annotations Branches: Dungeon (4/16) Temple (0/1) D:4 Altars: Kikubaaqudgha Innate Abilities, Weirdness & Mutations You are resistant to torment. You are immune to poison. Your stone body is very resilient (AC +4). You resist negative energy. You are resistant to electric shocks. You can survive without breathing. You are immune to petrification. Skills: * Level 3.2 Fighting + Level 2.2 Maces & Flails + Level 3.6 Crossbows + Level 2.5 Dodging * Level 3.5 Stealth * Level 2.7 Spellcasting * Level 3.8 Hexes * Level 1.8 Fire Magic * Level 1.9 Evocations You had 5 spell levels left. You knew the following spells: Your Spells Type Power Failure Level Hunger a - Corona Hex ##..... 4% 1 #...... b - Slow Hex ##...... 8% 2 ##..... c - Inner Flame Hex/Fire ##...... 21% 3 ###.... Inventory: Hand weapons b - a +1,+2 crossbow (weapon) k - a +0,+0 short sword n - a +0,+0 dagger q - a +1,+2 dwarven mace of crushing u - a +0,+0 spear v - a +0,+0 hand axe y - a +3,+1 elven short sword B - a cursed +0,+0 quarterstaff C - a +0,+1 orcish dagger E - a +0,+0 sling K - a +0,+0 dwarven dagger T - a +0,+0 dwarven dagger W - a +4,+2 elven dagger Missiles p - 58 darts (quivered) r - 27 poisoned needles s - 42 sling bullets x - 2 silver darts A - 3 darts of frost H - 4 darts of flame M - 21 arrows O - an exploding dart Armour a - a +0 robe (worn) h - a +0 pair of orcish boots (worn) Magical devices I - a wand of confusion (8) {unknown} Comestibles f - 4 bread rations i - 3 meat rations t - 2 chokos U - 4 chunks of gnoll flesh {@w1} Z - a chunk of giant gecko flesh {@w1} Scrolls l - a scroll of remove curse J - 4 scrolls of teleportation L - a scroll of enchant armour {unknown} X - a scroll of curse weapon {unknown} Jewellery o - a +3 ring of dexterity (left hand) Y - a +3 ring of strength {unknown} Potions e - a potion of might {unknown} m - a potion of lignification {unknown} w - 3 potions of heal wounds {unknown} z - 2 potions of speed {unknown} D - 3 potions of agility {unknown} F - a potion of degeneration {unknown} G - 2 potions of invisibility N - a potion of resistance {unknown} P - a potion of poison {unknown} Q - a potion of confusion {unknown} R - a potion of brilliance {unknown} S - a potion of restore abilities {unknown} V - a potion of beneficial mutation {unknown} Books d - a book of Debilitation Spells Type Level *Corona Hexes 1 *Slow Hexes 2 *Inner Flame Hexes/Fire 3 Enslavement Hexes 4 Cause Fear Hexes 4 Leda's Liquefaction Hexes/Earth 4 Message History The gnoll hits you with a whip. * * * LOW HITPOINT WARNING * * * Throwing (i - inventory. (,) - cycle): p - 65 darts (quivered) Aim: a gnoll, wielding a whip (severely wounded, moving very quickly) You throw a dart. The dart hits the gnoll. The gnoll is almost dead. The gnoll barely misses you. Throwing (i - inventory. (,) - cycle): p - 64 darts (quivered) Aim: a gnoll, wielding a whip (almost dead, moving very quickly) You throw a dart. The dart misses the gnoll. The gnoll completely misses you. The gnoll hits you but does no damage. Unknown command. Welcome back, Aargh the Gargoyle Arcane Marksman. Throwing (i - inventory. (,) - cycle): p - 63 darts (quivered) Aim: a gnoll, wielding a whip (almost dead, moving very quickly) You throw a dart. The dart hits the gnoll. The gnoll is almost dead. The gnoll misses you. Throwing (i - inventory. (,) - cycle): p - 62 darts (quivered) Aim: a gnoll, wielding a whip (almost dead, moving very quickly) You throw a dart. The dart hits the gnoll. The gnoll is almost dead. The gnoll hits you with a whip. * * * LOW HITPOINT WARNING * * * Throwing (i - inventory. (,) - cycle): p - 61 darts (quivered) Aim: a gnoll, wielding a whip (almost dead, moving very quickly) You throw a dart. The dart hits the gnoll. The gnoll is almost dead. The gnoll closely misses you. The gnoll hits you with a whip. * * * LOW HITPOINT WARNING * * * Throwing (i - inventory. (,) - cycle): p - 60 darts (quivered) Aim: a gnoll, wielding a whip (almost dead, moving very quickly) You throw a dart. The dart hits the gnoll. The gnoll is almost dead. The gnoll barely misses you. Throwing (i - inventory. (,) - cycle): p - 59 darts (quivered) Aim: a gnoll, wielding a whip (almost dead, moving very quickly) You throw a dart. The dart misses the gnoll. The gnoll hits you but does no damage. The gnoll hits you with a whip. You die... #.###.#######....###.........##.. .........#######................. #####.####.#.####......%.)...##.. #.........(.)(.....####.####.. #............(.§§..## #.# #.. #..........(....§....##.####.. ##.######.#.((.....#.##....... #.# #.#..%g....#.##....... #####.######.#..@..#..#.##.....#. ...............................#. ........####.#.....#..#.##.....#< ........# #.#.#####..#.##.....#. ........####.#.#####..#....###... ..........)................###... ........#####.....##..#....##.... ........# #.....##..#...#.#.#.# ........# #.....##..#.......... You could see a gnoll.

Vanquished Creatures
  Grinder (D:4)
  Menkaure (Ossuary)
  A giant frog zombie (D:3)
  2 hounds (D:4)
  A gnoll shaman (D:4)
  2 worker ants
  A hound skeleton (D:4)
  3 mummies (Ossuary)
  3 gnolls (D:4)
  A worker ant zombie (D:4)
  4 adders
  2 giant mites
  3 giant geckos
  An ooze (D:3)
  An orc (D:3)
  4 giant cockroaches
  10 hobgoblins
  8 jackals
  3 quokkas
  7 bats
  3 giant newts
  6 gnoll skeletons (Ossuary)
  3 gnoll zombies (Ossuary)
  10 goblins
  5 goblin zombies (Ossuary)
  A hobgoblin skeleton (Ossuary)
  2 hobgoblin zombies (Ossuary)
  13 kobolds
  3 kobold skeletons
  3 kobold zombies (Ossuary)
  2 orc skeletons
  An orc zombie (Ossuary)
  A quokka zombie (D:4)
  8 rats
  2 rat skeletons (Ossuary)
  5 rat zombies
127 creatures vanquished.

Vanquished Creatures (others)
  A human (D:4)
  A gnoll skeleton (Ossuary)
  2 goblin skeletons (Ossuary)
  A goblin zombie (Ossuary)
  A hobgoblin skeleton (Ossuary)
  3 kobold skeletons (Ossuary)
  2 kobold zombies (Ossuary)
  2 orc skeletons (Ossuary)
  3 orc zombies (Ossuary)
  4 rat skeletons (Ossuary)
  A rat zombie (Ossuary)
  A butterfly (D:1)
22 creatures vanquished. Grand Total:
149 creatures vanquished Notes Turn | Place | Note -------------------------------------------------------------- 0 | D:1 | Aargh, the Gargoyle Arcane Marksman, began the quest for the Orb. 0 | D:1 | Reached XP level 1. HP: 12/12 MP: 2/2 56 | D:1 | Reached skill level 1 in Stealth 160 | D:1 | Reached XP level 2. HP: 16/16 MP: 3/3 236 | D:1 | Learned a level 2 spell: Slow 379 | D:1 | Reached skill level 3 in Hexes 752 | D:2 | Reached XP level 3. HP: 20/20 MP: 4/4 1189 | D:2 | Reached skill level 2 in Stealth 1360 | D:2 | Reached XP level 4. HP: 26/26 MP: 6/6 1370 | D:2 | Learned a level 3 spell: Inner Flame 1930 | D:3 | Reached skill level 2 in Fighting 1957 | D:3 | Reached XP level 5. HP: 29/31 MP: 7/7 2137 | D:3 | Reached skill level 2 in Spellcasting 2428 | D:4 | Found a sand-covered staircase. 2451 | Ossuary | Entered an ossuary 3339 | Ossuary | Reached skill level 1 in Evocations 3651 | Ossuary | Noticed Menkaure 3657 | Ossuary | HP: 1/31 [Menkaure (8)] 3658 | Ossuary | Killed Menkaure 3658 | Ossuary | Reached skill level 1 in Maces & Flails 3658 | Ossuary | Reached skill level 2 in Dodging 3658 | Ossuary | Reached skill level 3 in Stealth 3658 | Ossuary | Reached XP level 6. HP: 1/36 MP: 11/11 4060 | Ossuary | Reached skill level 1 in Fire Magic 4238 | D:4 | Reached skill level 3 in Crossbows 4272 | D:4 | Reached XP level 7. HP: 40/40 MP: 12/12 4279 | D:4 | Reached skill level 2 in Maces & Flails 4294 | D:4 | Noticed Grinder 4302 | D:4 | Paralysed by Grinder for 2 turns 4323 | D:4 | Killed Grinder 4323 | D:4 | Reached skill level 3 in Fighting 4625 | D:4 | Found a staircase to the Ecumenical Temple. 4631 | D:4 | Found an ancient bone altar of Kikubaaqudgha. 4634 | D:4 | Noticed a human 4636 | D:4 | Killed a human 4716 | D:4 | HP: 4/41 [gnoll/whip (2)] 4718 | D:4 | Slain by a gnoll
